AoeStats
← lopezdpr

Arabia

504627456Analyzed
2v2 RM · 28d ago on Sep 6, 2026· 57m 43s· 4 players
Game mode
Random Map
Map size
Medium (4 player)
Population
200
Speed
Normal
Resources
Standard
Victory
Conquest
Starting age
Dark Age
Ending age
Imperial Age
RankedLock teamsTeams togetherTeam positionsShared explorationLock speedFull tech treeHidden civsTurbo modeCheats
Victory
Defeat
🇺🇸 Georgians · United States
808
+14
🇺🇸 Britons · United States
736
+17
🇦🇷 Britons · Argentina
842
-19
🇦🇷 Franks · Argentina
669
-12
Khabib
0:39 Loom
11:47 Feudal Age
13:47 Wheelbarrow
15:20 Double-Bit Axe
15:47 Horse Collar
22:46 Castle Age
20:42 Stone Mining
22:41 Fletching
22:51 Padded Archer Armor
24:15 Hand Cart
23:39 Crossbowman
24:37 Heavy Plow
27:15 Gold Mining
28:46 Town Watch
29:40 Bow Saw
31:18 Ballistics
34:43 Imperial Age
33:44 Gold Shaft Mining
35:38 Leather Archer Armor
35:19 Bodkin Arrow
36:23 Caravan
37:24 Conscription
38:11 Murder Holes
41:23 Chemistry
46:57 Husbandry
GZicchi
0:49 Loom
13:31 Feudal Age
20:34 Wheelbarrow
33:53 Double-Bit Axe
lopezdpr
6:32 Loom
9:20 Feudal Age
9:58 Town Watch
10:00 Double-Bit Axe
9:58 Horse Collar
17:45 Wheelbarrow
21:38 Castle Age
20:18 Man-at-Arms
20:46 Arson
21:04 Stone Mining
22:17 Scale Barding Armor
22:42 Bow Saw
28:53 Husbandry
29:05 Forging
29:43 Hand Cart
29:22 Gold Mining
30:44 Chain Barding Armor
31:00 Iron Casting
30:51 Bloodlines
31:27 Town Patrol
39:46 Imperial Age
37:31 Fortified Wall
37:32 Masonry
37:25 Padded Archer Armor
39:52 Fletching
40:17 Leather Archer Armor
39:35 Elite Skirmisher
41:22 Bodkin Arrow
42:59 Chemistry
42:06 Siege Engineers
44:52 Heavy Scorpion
46:36 Aznauri Cavalry
46:43 Svan Towers
47:00 Conscription
47:51 Bracer
48:27 Plate Barding Armor
48:52 Blast Furnace
47:53 Scale Mail Armor
48:16 Ballistics
47:52 Murder Holes
48:28 Architecture
47:40 Treadmill Crane
48:27 Heavy Plow
50:16 Elite Monaspa
54:17 Long Swordsman
54:42 Gambesons
The Herminator
2:50 Loom
12:19 Feudal Age
13:38 Wheelbarrow
12:47 Horse Collar
13:02 Double-Bit Axe
13:11 Gold Mining
20:42 Castle Age
20:10 Fletching
20:21 Padded Archer Armor
22:10 Hand Cart
23:02 Elite Skirmisher
24:03 Bodkin Arrow
27:26 Leather Archer Armor
31:13 Town Watch
32:03 Forging
34:42 Imperial Age
32:56 Gold Shaft Mining
34:13 Bow Saw
34:45 Gambesons
35:02 Squires
35:05 Heavy Plow
35:37 Ballistics
35:31 Masonry
35:32 Siege Engineers
36:29 Chemistry
35:29 Stone Mining
36:04 Conscription
36:08 Yeomen
35:41 Capped Ram
37:52 Onager
40:31 Town Patrol
42:24 Elite Longbowman
48:56 Pikeman
49:40 Bracer
50:10 Ring Archer Armor
49:41 Scale Mail Armor
50:17 Iron Casting
49:49 Warwolf
51:30 Spies/Treason
52:55 Halberdier
Connection lost

Rejoining the realm…

Still unreachable

The connection could not be restored.

Session expired

The server has moved on; the page needs a fresh start.